 Dungeon Crawl Stone Soup version 0.30-a0-920-g7493c07aab (webtiles) character file.

Game seed: 13143341423898338695

72 lunkers the Slasher (level 4, -1/38 HPs)
             Began as a Meteoran Fighter on Mar 22, 2023.
             Was an Initiate of Nemelex Xobeh.
             Slain by Menkaure (5 damage)
             ... on level 4 of the Dungeon.
             The game lasted 00:02:30 (880 turns).

lunkers the Slasher (Meteoran Fighter)               Turns: 880, Time: 00:02:30

Health: -1/38      AC:  8    Str: 17    XL:     4   Next: 79%
Magic:  14/14      EV:  9    Int: 10    God:    Nemelex Xobeh [......]
Gold:   147        SH:  5    Dex: 15    Spells: 3/3 levels left

rFire   . . .      SeeInvis +    a - +0 long sword
rCold   . . .      Faith    .    c - +0 buckler
rNeg    . . .      Spirit   .    b - +0 scale mail
rPois   .          Reflect  .    (no helmet)
rElec   .          Rampage  .    r - +0 cloak
rCorr   .                        (no gloves)
Will    .....                    (no boots) Stlth
                                 (no amulet)
HPRegen 0.26/turn                i - ring of magical power
MPRegen 0.14/turn                q - ring of see invisible

@: mighty, glowing
A: sense surroundings 1, otherworldly, glowing, explore regen
a: Renounce Religion, Draw Escape, Draw Destruction, Draw Summoning


You were on level 4 of the Dungeon.
You worshipped Nemelex Xobeh.
Nemelex Xobeh was noncommittal.
You visited 1 branch of the dungeon, and saw 4 of its levels.

You collected 147 gold pieces.

Inventory:

Hand Weapons
 a - a +0 long sword (weapon)
Missiles
 o - 2 curare-tipped darts
Armour
 b - a +0 scale mail (worn)
 c - a +0 buckler (worn)
 r - a +0 cloak (worn)
Jewellery
 i - a ring of magical power (left hand)
 q - a ring of see invisible (right hand)
Wands
 k - a wand of iceblast (4)
Scrolls
 e - a scroll of blinking {unknown}
 g - 2 scrolls of noise {unknown}
 h - 4 scrolls of identify {unknown}
 l - a scroll of vulnerability {unknown}
 m - a scroll of amnesia {unknown}
 n - 4 scrolls of magic mapping {unknown}
 p - a scroll of enchant armour {unknown}
 s - a scroll of immolation {unknown}
 t - a scroll of teleportation {unknown}
Potions
 f - a potion of heal wounds {unknown}
 j - a potion of curing {unknown}


   Skills:
 - Level 3.2 Fighting
 * Level 5.1 Long Blades
 - Level 3.6 Armour
 - Level 3.6 Shields
 + Level 1.3 Invocations


You had 3 spell levels left.
You didn't know any spells.
Your spell library was empty.

Dungeon Overview and Level Annotations

Branches:
Dungeon (4/15) Zot: 1495
 Temple: D:4-7

Altars:
Elyvilon
Nemelex Xobeh

Annotations:
D:4 Menkaure


Innate Abilities, Weirdness & Mutations

You passively map a small area around you.
You are easily found by Zot.
You glow in the dark.
You regain HP and MP as you explore.


Message History

Found a rapier.
No target in view!
Menkaure, Prince of Dust comes into view.
Menkaure shouts!
A quokka comes into view.
Found 8 gold pieces.
Menkaure mumbles, "Let me perform the rites..."
Menkaure closely misses you.
You hit Menkaure.
Menkaure is lightly damaged.
Menkaure barely misses you.
You barely miss Menkaure.
Menkaure is lightly damaged.
The quokka barely misses you. Menkaure hits you!!
Ouch! That really hurt!
* * * LOW HITPOINT WARNING * * *
You barely miss Menkaure.
Menkaure is lightly damaged.
The quokka bites you but does no damage.
The quokka closely misses you.
Unknown command.
You hit Menkaure but do no damage.
Menkaure is lightly damaged.
Menkaure hits you!
* * * LOW HITPOINT WARNING * * *
You block the quokka's attack. Menkaure hits you!
* * * LOW HITPOINT WARNING * * *
You feel very mighty all of a sudden. The quokka barely misses you.
Unknown command.
You barely miss Menkaure.
Menkaure is lightly damaged.
The quokka barely misses you. You block Menkaure's attack.
The quokka bites you but does no damage.
Unknown command.
You slash Menkaure!
Menkaure is heavily damaged.
Menkaure hits you.
You die...
Your body disappears without additional glow.

#..# #..# , , ##..#
#..#### ##.....#####.
###..........$.
###.............# ,
##### ##................
....###.........@r......
,
....#...#........M......
.......###..............
......# ##..............
.)....###...............
*
........................
,
.........)#..>..........
........####...)........
, , ........## ......


You could see Menkaure and a quokka.

Vanquished Creatures
  2 adders
  3 dart slugs
  5 orcs (D:3)
  2 ball pythons
  A bat (D:2)
  2 endoplasms
  5 giant cockroaches
  3 goblins
  5 hobgoblins
  2 quokkas
  3 frilled lizards
  2 kobolds
  6 rats
41 creatures vanquished.

Notes
Turn   | Place    | Note
-------+----------+-------------------------------------------
     0 | D:1      | lunkers the Meteoran Fighter began the quest for the Orb.
     0 | D:1      | Reached XP level 1. HP: 19/19 MP: 2/2
   101 | D:1      | Reached skill level 3 in Long Blades
   101 | D:1      | Reached XP level 2. HP: 18/26 MP: 3/3
   149 | D:1      | Reached XP level 3. HP: 24/31 MP: 4/4
   184 | D:1      | Reached skill level 4 in Long Blades
   448 | D:3      | Found a sparkling altar of Nemelex Xobeh.
   452 | D:3      | Became a worshipper of Nemelex Xobeh the Trickster
   524 | D:3      | Reached XP level 4. HP: 38/38 MP: 5/5
   563 | D:3      | Found a white marble altar of Elyvilon.
   684 | D:3      | Reached skill level 1 in Invocations
   691 | D:3      | Reached skill level 5 in Long Blades
   870 | D:4      | Noticed Menkaure
   880 | D:4      | Slain by Menkaure

Illustrated notes

Levels and vault maps discovered:
D:1:      minmay_arrival_widening_spiral_wide, layout_basic
D:2:      layout_basic
D:3:      layout_rooms, lemuel_doored_altar, nemelex_diamond_rough_becter,
          dk_noncrumbling_4
D:4:      layout_cave_pods, nicolae_uskayaw_en_pointe, uniq_menkaure

Skill      XL: |  1  2  3  4 |
---------------+-------------+-----
Long Blades    | 3 4 5 |  5.1
Invocations    | 1 |  1.3
Fighting       | |  3.2
Armour         | |  3.6
Shields        | |  3.6

Action                     |  1- 3 |  4- 6 || total
---------------------------+-------+-------++-------
  Melee: Long sword        |    66 |    48 ||   114
    Use: Potion            |       |     1 ||     1
 Armour: Scale mail        |    44 |    26 ||    70
  Dodge: Dodged            |    28 |    25 ||    53
  Block: Buckler           |    17 |    20 ||    37

Table legend: (Time is in decaauts)
 A = Elapsed time spent in this place.
 B = Non-inter-level travel time spent in this place.
 C = Inter-level travel time spent in this place.
 D = Time resting spent in this place.
 E = Time spent auto-exploring this place.
 F = Levels seen in this place.
 G = Mean time per level.
                   A        B        C        D        E       F      G
               +--------+--------+--------+--------+--------+-----+--------+
         Total |    903 |    871 |     32 |      0 |    572 |   4 |  225.8 |
       Dungeon |    903 |    871 |     32 |      0 |    572 |   4 |  225.8 |
               +--------+--------+--------+--------+--------+-----+--------+

Top non-repeatable levels by time:
     D:3: 422 daAuts
     D:1: 266 daAuts
     D:2: 154 daAuts
     D:4: 60 daAuts
